 Dungeon Crawl Stone Soup version 0.22-b1-26-g9dbaab1 (webtiles) character file.

212 Lilu the Conjurer (level 5, -3/28 HPs)
             Began as a Deep Elf Conjurer on Aug 6, 2018.
             Killed by divine providence
             ... invoked by an orc priest
              (11 damage)
             ... on level 3 of the Dungeon.
             The game lasted 00:07:45 (3132 turns).

Lilu the Conjurer (Deep Elf Conjurer)               Turns: 3132, Time: 00:07:47

Health: -3/28      AC:  4    Str:  6    XL:     5   Next: 58%
Magic:  9/11       EV: 13    Int: 22    God:
Gold:   159        SH:  0    Dex: 15    Spells: 3/10 levels left

rFire    . . .     SeeInvis .   t - +2 quarterstaff (chaos)
rCold    . . .     Gourm    .   (shield currently unavailable)
rNeg     . . .     Faith    .   a - +0 robe
rPois    +         Spirit   .   n - +0 helmet
rElec    .         Reflect  .   u - +0 cloak
rCorr    .         Harm     .   (no gloves)
MR       .....                  (no boots)
Stlth    ++........             (no amulet)
HPRegen  0.09/turn              k - ring of poison resistance
MPRegen  0.12/turn              y - +2 ring of intelligence

@: no status effects
A: no striking features
a: no special abilities


You were on level 3 of the Dungeon.
You were hungry.

You visited 1 branch of the dungeon, and saw 3 of its levels.

You collected 159 gold pieces.

Inventory:

Hand Weapons
 d - a +0 club
 e - a +0 hunting sling
 t - a +2 quarterstaff of chaos (weapon)
Missiles
 b - 10 javelins
 f - 6 javelins of returning (quivered)
 g - 61 stones
 h - 38 arrows
 m - 9 sling bullets
 B - 3 tomahawks
Armour
 a - a +0 robe (worn)
 n - a +0 helmet (worn)
 u - a +0 cloak (worn)
Jewellery
 k - a ring of poison resistance (left hand)
 v - an uncursed ring of fire
 y - a +2 ring of intelligence (right hand)
Scrolls
 l - 2 scrolls of teleportation
 q - a scroll of fog
 s - 2 scrolls of enchant weapon
Potions
 c - a potion of degeneration {unknown}
 i - a potion of ambrosia {unknown}
 p - a potion of might {unknown}
 r - a potion of heal wounds {unknown}
 z - a potion of lignification {unknown}
Comestibles
 w - a ration
 x - 6 chunks of flesh


   Skills:
 - Level 2.4 Dodging
 - Level 2.4 Stealth
 - Level 3.0 Spellcasting
 + Level 7.6 Conjurations


You had 3 spell levels left.
You knew the following spells:

 Your Spells              Type           Power        Failure   Level  Hunger
a - Magic Dart            Conj           ####         1%          1    None
b - Searing Ray           Conj           #####.       1%          2    ##.....
c - Iskenderun's Mystic   Conj           #####...     5%          4    ####...

Your spell library contained the following spells:

 Spells                   Type           Power        Failure   Level  Hunger
 Fulminant Prism          Conj/Hex       ###.......   26%         4    ####...
 Dazzling Spray           Conj/Hex       ###...       8%          3    ###....
 Force Lance              Conj/Tloc      ###.....     26%         4    ####...


Dungeon Overview and Level Annotations

Branches:
Dungeon (3/15)

Altars:
Yredelemnul


Message History

The orc is heavily wounded.
The orc hits you with a flail! The orc barely misses you. The orc hits you.
* * * LOW HITPOINT WARNING * * *
Casting: Searing Ray (safe; 1% risk of failure)
Confirm with . or Enter, or press ? or * to list all spells.
You don't know that spell.
Unknown command.
Casting: Searing Ray (safe; 1% risk of failure)
Confirm with . or Enter, or press ? or * to list all spells.
Aiming: Searing Ray (safe; 1% risk of failure)
Press: ? - help, Shift-Dir - straight line, f - orc priest
Aim: an orc priest, wielding a trident The searing ray hits the orc.
The orc is moderately wounded. (Press . to maintain the ray.)
The orc shouts!
The orc priest invokes the aid of Beogh against you.
Beogh smites you!
You die...

##...## ##.###.#♣
##+# #.## ##.#
##.###.## ##.#.##
##########.##
#........#.#
#........#.# #.
#..####..#.# #..#
#..#.o@....#
#...##..#o##.)###
#....=.o.....#
#####.o......#
##########


You could see an orc priest and 3 orcs.

Vanquished Creatures
  Crazy Yiuf (D:2)
  Terence (D:3)
  An iguana (shapeshifter) (D:3)
  A worker ant zombie (D:3)
  Robin (D:2)
  3 adders (D:2)
  2 dart slugs
  A leopard gecko (D:2)
  4 orcs (D:3)
  2 giant cockroaches (D:3)
  7 goblins
  14 hobgoblins
  5 jackals (D:2)
  3 quokkas
  6 bats
  2 frilled lizards (D:3)
  8 kobolds
  7 rats
69 creatures vanquished.

Notes
Turn   | Place    | Note
-------+----------+-------------------------------------------
     0 | D:1      | Lilu the Deep Elf Conjurer began the quest for the Orb.
     0 | D:1      | Reached XP level 1. HP: 10/10 MP: 6/6
     1 | D:1      | Found a basalt altar of Yredelemnul.
   153 | D:1      | Reached XP level 2. HP: 15/15 MP: 6/8
   295 | D:1      | Reached skill level 5 in Conjurations
   881 | D:2      | Reached XP level 3. HP: 9/19 MP: 3/9
  1347 | D:2      | Noticed Robin
  1355 | D:2      | Learned a level 2 spell: Searing Ray
  1361 | D:2      | Killed Robin
  1361 | D:2      | Reached skill level 6 in Conjurations
  1516 | D:2      | Reached XP level 4. HP: 20/24 MP: 3/10
  2096 | D:2      | Found a runed door.
  2100 | D:2      | Noticed Crazy Yiuf
  2104 | D:2      | Killed Crazy Yiuf
  2449 | D:3      | Reached skill level 7 in Conjurations
  2449 | D:3      | Reached XP level 5. HP: 19/28 MP: 11/11
  3064 | D:3      | Noticed Terence
  3071 | D:3      | Learned a level 4 spell: Iskenderun's Mystic Blast
  3094 | D:3      | Killed Terence
  3132 | D:3      | Killed from afar by an orc priest

Skill      XL: |  1  2  3  4 |
---------------+-------------+-----
Conjurations   | 5 6 7 |  7.6
Dodging        | |  2.4
Stealth        | |  2.4
Spellcasting   | |  3.0

Action                   |  1- 3 |  4- 6 || total
-------------------------+-------+-------++-------
Melee: Club              |    15 |       ||    15
       Quarterstaff      |       |    51 ||    51
Throw: Javelin           |     4 |       ||     4
 Cast: Magic Dart        |    64 |    28 ||    92
       Searing Ray       |     2 |     3 ||     5
  Use: Scroll            |     1 |     3 ||     4
 Stab: Petrified         |       |     1 ||     1
       Paralysed         |       |     1 ||     1
  Eat: Chunk             |     2 |     1 ||     3
       Ration            |       |     1 ||     1
Armor: Robe              |     5 |    10 ||    15
Dodge: Dodged            |    24 |    40 ||    64
